[Event "Early-Titled-Tuesday-Blitz-June-18-2024"]
[Site "Chess.com"]
[Date "2024.06.18"]
[Round "4"]
[White "tusplingher"]
[Black "NikitaShnadrygin"]
[Result "1-0"]
[WhiteElo "2577"]
[BlackElo "2759"]
[TimeControl "180+1"]
[EndTime "8:42:24 PDT"]
[Termination "tusplingher won by resignation"]

1. e4 c5 2. Nf3 e6 3. d4 cxd4 4.
Nxd4 Nf6 5. Nc3 Nc6 6. a3 Be7 7. Be3 O-O 8. Qe2 d6 9. O-O-O Qc7 10. g4 Nxd4 11. Rxd4 e5 12. Rc4 Qb8 13. g5 Ne8 14.
Nd5 Bd8 15. h4 Be6 16. Bh3 Nc7 17. Bxe6 fxe6 18. Nxc7 Bxc7 19. Qg4 Re8 20. Rg1 d5 21. Rb4 Bd6 22. Rb3 d4 23. Bd2 Qc7 24. Qe2 a6 25.
Bb4 Bxb4 26. Rxb4 b5 27. Rb3 Rac8 28. g6 h6 29. Kb1 Rf8 30. Rgg3 Rf4 31. Rbf3 Qc4 32.
Qxc4 bxc4 33. Rxf4 exf4 34. Rg4 e5 35. Kc1 Kf8 36. f3 Ke7 37. Kd2 c3+ 38. bxc3 Rxc3 39. Rg1 Kf6 40. h5 Rxf3 41. Rb1 Rxa3 42. Rb7 Kg5 43.
Rxg7 Kxh5 44. Rg8 Rg3 45. g7 a5 46. Re8 Rxg7 47. Rxe5+ Rg5 48. Re8 Kg4 49. e5 f3 50.
e6 Re5 51. e7 Kh5 52. Kd3 f2 53. Rf8 Rxe7 54. Rxf2 Ra7 55. Rh2+ Kg5 56. Kxd4 a4 57. c4 a3 58. Ra2 Kf6 59. Kc5 h5 60. Kb6 Rb7+ 61. Kxb7 1-0

[Event "Early-Titled-Tuesday-Blitz-June-18-2024"]
[Site "Chess.com"]
[Date "2024.06.18"]
[Round "4"]
[White "Hsper248"]
[Black "UF_10"]
[Result "1/2-1/2"]
[WhiteElo "2711"]
[BlackElo "2534"]
[TimeControl "180+1"]
[EndTime "8:42:24 PDT"]
[Termination "Game drawn by repetition"]

1. e4 e6 2. d4 d5 3. Nd2 h6 4.
Ngf3 Nf6 5. e5 Nfd7 6. c3 b6 7. h4 Be7 8. h5 Ba6 9. Bxa6 Nxa6 10.
Nf1 c5 11. a3 c4 12. g4 Nab8 13.
Ng3 Nc6 14. Qe2 Qc7 15. O-O O-O-O 16. Be3 Na5 17. Nd2 Kb7 18. f4 Bh4 19. Qh2 Bxg3 20.
Qxg3 g6 21. Qh3 Rdg8 22. Kh1 f5 23. hxg6 fxg4 24. Qxg4 Nf8 25. f5 exf5 26. Qxf5 Rxg6 27. Qf7 Rhg8 28. Qxd5+ Ka6 29. Rf3 Rg4 30. Bf2 R8g5 31. Rh3 Rf5 32. Bg3 Qg7 33. Ne4 Rf3 34. Rg1 h5 35. Nd6 Qd7 36. Kh2 h4 37. Rg2 hxg3+ 38. Kg1 Rf2 39. Rxf2 gxf2+ 40. Kxf2 Rf4+ 41. Rf3 Rxf3+ 42.
Kxf3 Qh3+ 43. Kf4 Qh4+ 44. Ke3 Qg3+ 45. Qf3 Qxf3+ 46. Kxf3 Nb7 47. Ke4 Nxd6+ 48. exd6 Kb7 49. Kd5 b5 50. Kc5 a6 51. a4 Nd7+ 52. Kb4 Kc6 53. d5+ Kxd5 54. axb5 axb5 55. Kxb5 Ne5 56. d7 Nxd7 57. Kb4 Ne5 58. b3 Nd3+ 59. Ka3 cxb3 60. Kxb3 Ne5 61. Kb4 Nc4 62. Kb3 Nb6 63. Kb4 Nc4 64.
Kb5 Nd6+ 65. Kb4 Nc4 1/2-1/2

[Event "Early-Titled-Tuesday-Blitz-June-18-2024"]
[Site "Chess.com"]
[Date "2024.06.18"]
[Round "4"]
[White "AlexeiShirov"]
[Black "aeiiuu"]
[Result "1/2-1/2"]
[WhiteElo "2881"]
[BlackElo "2601"]
[TimeControl "180+1"]
[EndTime "8:42:26 PDT"]
[Termination "Game drawn - insufficient material"]

1. e4 c5 2. Nf3 d6 3. d4 cxd4 4. Nxd4 Nf6 5. Nc3 a6 6. Be3 e5 7. Nb3 Be6 8. f3 h5 9. Nd5 Nxd5 10. exd5 Bf5 11. Bd3 Bxd3 12. Qxd3 g6 13. O-O-O Bg7 14. g4 Nd7 15. Nd2 hxg4 16. fxg4 Rh3 17. Ne4 Nf6 18. Nf2 Rh8 19. Bg5 Qa5 20. Bxf6 Bxf6 21. Ne4 Be7 22.
Kb1 Rh4 23. h3 Kf8 24. Rdf1 Kg7 25. a3 b5 26. c3 Qb6 27. Rf3 Rf8 28. Rhf1 Qb7 29.
Qd2 a5 30. Nf6 b4 31. axb4 axb4 32. cxb4 Qa6 33. Qf2 Bxf6 34. Rxf6 Qd3+ 35. Qc2 Qxd5 36. Rd1 Qb5 37. Rfxd6 Qxb4 38. Qe2 Re8 39. Rd7 Rh7 40. Qf3 Kg8 41. Rf1 Qc4 42. Rc1 Qe6 43. Rcd1 e4 44. Qe3 Qf6 45. Re1 Rh4 46. Rd4 Qh8 47. Rxe4 Rxe4 48.
Qxe4 Rxh3 49. Qe8+ Kg7 50. Qe5+ Kh7 51. Qc7 Qf6 52.
Qc4 Kg7 53. Rf1 Rf3 54. Rxf3 Qxf3 55. b4 Qd1+ 56. Kb2 f5 57. gxf5 gxf5 58. Qc7+ Kf6 59. Qc6+ Ke5 60. b5 Qd4+ 61. Ka3 Qd6+ 62. Qxd6+ Kxd6 63. Kb3 Kc5 64. Kc3 f4 65. Kd3 Kb6 66. Ke4 Kc5 67.
Kxf4 Kb6 68. Ke4 Kc5 69. Kd3 Kxb5 1/2-1/2

[Event "Early-Titled-Tuesday-Blitz-June-18-2024"]
[Site "Chess.com"]
[Date "2024.06.18"]
[Round "4"]
[White "djano"]
[Black "OparinGrigoriy"]
[Result "1/2-1/2"]
[WhiteElo "2644"]
[BlackElo "3050"]
[TimeControl "180+1"]
[EndTime "8:42:26 PDT"]
[Termination "Game drawn - insufficient material"]

1. e4 c5 2. Nc3 Nc6 3. Bb5 Nd4 4. Nf3 e6 5. O-O a6 6. Bd3 Nc6 7. a3 g5 8. b4 g4 9. Ne1 h5 10. Bb2 cxb4 11. axb4 Bg7 12. b5 Ne5 13. Be2 Ne7 14.
d4 N5g6 15. e5 d6 16. exd6 Qxd6 17. Ne4 Qc7 18. Nd3 O-O 19. f3 Nf5 20. Qd2 Nxd4 21. fxg4 hxg4 22. Bxg4 f5 23. Bh5 Qxc2 24. Bxg6 Qxd2 25.
Nxd2 Nxb5 26. Bxg7 Kxg7 27. Bh5 Bd7 28. Ne5 Rad8 29.
Ndc4 Nd4 30. Rfd1 Bb5 31. Kf2 Kf6 32. Bf3 Bxc4 33. Nxc4 b5 34. Ne3 Rd6 35. Rd2 Rfd8 36. Rad1 e5 37. Nc2 a5 38. Nxd4 Rxd4 39. Rxd4 exd4 40.
Ke2 a4 41. Rb1 Rb8 42. Bc6 a3 43. Bd5 b4 44. Kd3 Ke5 45. Ba2 Rb7 46. g3 Rb8 47.
Bb3 Rc8 48. Bc4 Rb8 49. Bb3 Rc8 50. Bc4 Ra8 51. Ba2 Rb8 52. Bc4 Rb6 53. Ba2 Rb7 54.
h4 Rg7 55. Rxb4 Rxg3+ 56. Kc4 Rc3+ 57. Kb5 Rc2 58. Bb3 Rb2 59. Kc4 a2 60. Ra4 d3 61.
Rxa2 Rxa2 62. Bxa2 d2 63. Bb3 Kf4 64. Kd3 Kg4 65.
Bd1+ Kxh4 66. Kxd2 Kg3 67. Ke3 f4+ 68. Kd2 Kg2 69. Be2 Kf2 70. Bd1 Kf1 71. Be2+ Kg1 72. Bd1 Kf2 73. Be2 Kg3 74. Bd1 f3 75. Bxf3 1/2-1/2

[Event "Early-Titled-Tuesday-Blitz-June-18-2024"]
[Site "Chess.com"]
[Date "2024.06.18"]
[Round "4"]
[White "Feegus"]
[Black "JoliyRoger"]
[Result "1-0"]
[WhiteElo "2684"]
[BlackElo "2454"]
[TimeControl "180+1"]
[EndTime "8:42:26 PDT"]
[Termination "Feegus won on time"]

1. e4 c6 2. d4 d5 3. exd5 cxd5 4. Bd3 Nc6 5. c3 Qc7 6. h3 Nf6 7. Nf3 g6 8. O-O Bf5 9. Re1 e6 10. Na3 a6 11. Bf1 h5 12. Nc2 Bd6 13. Ne3 Be4 14. Nd2 O-O-O 15. b4 g5 16. a4 g4 17. b5 Nb8 18. bxa6 Nxa6 19. h4 Bg6 20. c4 Nb4 21. Ba3 g3 22. f3 Nd3 23. Bxd6 Qxd6 24. Bxd3 Bxd3 25. Qb3 dxc4 26. Ndxc4 Qxd4 27. Na5 Rd7 28. Rac1+ Kd8 29. Qxb7 Rxb7 30. Nc6+ Kd7 31. Nxd4 Ke7 32. Nef5+ Bxf5 33. Nxf5+ Kd7 34. Nxg3 Ra8 35. Ne4 Nxe4 36. Rxe4 Rba7 37. Rcc4 Ra5 38. Rb4 Ke7 39. Kh2 f5 40. Rec4 Kf6 41. Rc6 Rxa4 42. Rbb6 Re8 43. Rd6 Rc4 44. Rb7 Ke5 45. Rdd7 Rc2 46. Rg7 Rd8 47. Rg5 Rdd2 48. Rh7 Kf4 49. Rhxh5 Rf2 50. Kh3 Rf1 51. Kh2 Rff2 52. Rh6 Rxf3 53. Rxe6 Rff2 54. Rf6 Ke4 55. Re6+ Kf4 56. Rf6 Ke5 57. Rf8 Rcd2 58. h5 Kf4 59. Rg6 Ke3 60. h6 Ke2 61. h7 1-0

[Event "Early-Titled-Tuesday-Blitz-June-18-2024"]
[Site "Chess.com"]
[Date "2024.06.18"]
[Round "4"]
[White "alexrustemov"]
[Black "Evan_Attaker"]
[Result "1/2-1/2"]
[WhiteElo "2859"]
[BlackElo "2698"]
[TimeControl "180+1"]
[EndTime "8:42:28 PDT"]
[Termination "Game drawn - insufficient material"]

1. d4 c5 2. d5 d6 3. c4 g6 4. Nc3 Bg7 5. e4 Nf6 6. Bd3 O-O 7. h3 Na6 8. Nf3 Nc7 9. O-O Rb8 10.
a4 a6 11. a5 b5 12. axb6 Rxb6 13. Re1 Bd7 14. e5 Nfe8 15. b3 e6 16. Bf4 exd5 17.
cxd5 Bb5 18. Bc2 c4 19. b4 dxe5 20. Nxe5 Nf6 21. Nxb5 Ncxd5 22. Nxc4 Rxb5 23. Bd6 Re8 24. Rxa6 Nxb4 25. Rxe8+ Nxe8 26. Bxb4 Qxd1+ 27. Bxd1 Rxb4 28. Be2 Bf8 29. Ra8 Nc7 30. Rc8 Ne6 31. g3 Kg7 32. Kg2 h5 33. h4 Bc5 34. Ra8 Rb3 35. Ra2 Rc3 36. Ne5 Nd4 37. Nf3 Nxf3 38. Bxf3 Bd4 39. Rd2 Bb6 40. Rb2 Bd4 41. Rd2 Bb6 42. Bd5 Rc7 43. Bb3 Rb7 44. Ba2 Ra7 45. Rc2 Bd4 46. Bc4 Bb6 47. Bd5 Rd7 48. Ba2 Rc7 49. Rb2 Bd4 50.
Rd2 Bb6 51. Re2 Ra7 52. Bd5 Rd7 53. Bf3 Rc7 54. Rb2 Bd4 55. Rd2 Bb6 56. Rb2 Bd4 57. Rd2 Bf6 58. Re2 Bd4 59. Bd5 Rd7 60. Bc4 Bc5 61. Rc2 Ba7 62. Ba2 Re7 63. Bc4 Rc7 64. Bb3 Rxc2 65. Bxc2 Kf6 66. f4 Bc5 67. Kf3 Bb4 68.
Bb3 Be1 69. Bc4 Kg7 70. Bb3 f6 71. Ba4 Kh6 72. Be8 g5 73. hxg5+ fxg5 74. fxg5+ Kxg5 75.
Bf7 h4 76. gxh4+ Kxh4 1/2-1/2

[Event "Early-Titled-Tuesday-Blitz-June-18-2024"]
[Site "Chess.com"]
[Date "2024.06.18"]
[Round "4"]
[White "Lucky_Puncher"]
[Black "MatthewG-p4p"]
[Result "0-1"]
[WhiteElo "2605"]
[BlackElo "2860"]
[TimeControl "180+1"]
[EndTime "8:42:29 PDT"]
[Termination "MatthewG-p4p won on time"]

1. d4 Nf6 2. c4 c5 3. d5 e6 4. Nc3 exd5 5. cxd5 d6 6. e4 g6 7. h3 Bg7 8. Nf3 O-O 9. Be3 Re8 10. Nd2 Nxe4 11. Ncxe4 f5 12. Nxd6 Qxd6 13. Nc4 Qd8 14. Be2 b5 15. Nd2 c4 16. O-O Bb7 17. a4 Qxd5 18.
Bf3 Qd7 19. axb5 Qxb5 20. Bxb7 Qxb7 21. Nxc4 Qc6 22. Nd6 Re6 23. Bf4 Nd7 24. Qb3 Nc5 25. Qc4 Bf8 26. Rfe1 Qd7 27. Rxe6 Qxe6 28. Qxc5 Rd8 29.
Rd1 g5 30. Be5 f4 31. h4 Re8 32. Rd5 Rd8 33. hxg5 Qg4 34. Qc4 Qe6 35. Bxf4 Bxd6 36.
Bxd6 Rxd6 37. Rc5 Qxc4 38. Rxc4 Rb6 39. Rc7 Rxb2 40. Rxa7 Rb5 41. f4 Rb4 42. g3 Rb2 43. Re7 Rd2 44. Kf1 Rc2 45. Re2 Rc3 46. Kf2 Kf7 47.
Rd2 Rc1 48. Kf3 Kg6 49. Kg4 Rc7 50. Rd6+ Kg7 51. Kh5 Rc1 52. Rd7+ Kg8 53. Kg4 Rc5 54. Kh5 Rc1 55. g6 Rh1+ 56. Kg5 Rb1 57. gxh7+ Kh8 58.
g4 Rb5+ 59. Kf6 Rf5+ 60. Kg6 Rg5+ 61. Kf6 Rg6+ 0-1

[Event "Early-Titled-Tuesday-Blitz-June-18-2024"]
[Site "Chess.com"]
[Date "2024.06.18"]
[Round "4"]
[White "banjadvorovi"]
[Black "Iskusnyh"]
[Result "1/2-1/2"]
[WhiteElo "2433"]
[BlackElo "2656"]
[TimeControl "180+1"]
[EndTime "8:42:30 PDT"]
[Termination "Game drawn - insufficient material"]

1. e4 e6 2. d3 d5 3. Nd2 Nf6 4. Ngf3 Bc5 5. e5 Nfd7 6. d4 Bb6 7. Bd3 c5 8. c3 Nc6 9. dxc5 Bxc5 10. Nb3 Be7 11. Bf4 g5 12. Bg3 g4 13. Nfd4 Ndxe5 14. Nxc6 Nxc6 15. Qxg4 h5 16. Qe2 h4 17. Bf4 Bg5 18.
Qe3 Rg8 19. g3 Bxf4 20. Qxf4 Qg5 21. Qxg5 Rxg5 22. O-O-O Ke7 23. Rhe1 Bd7 24. Nd4 Nxd4 25. cxd4 Rh8 26. Kd2 hxg3 27. hxg3 Kd6 28. Rh1 Rgh5 29.
Rxh5 Rxh5 30. Ke3 f6 31. Be2 Rh8 32. Bf3 Bc6 33. Rh1 Rxh1 34. Bxh1 e5 35. Bg2 Bd7 36.
Bf1 a5 37. f3 Be8 38. Bd3 Bf7 39. Bc2 Bh5 40. Bd3 exd4+ 41. Kf4 Ke6 42. g4 Be8 43. Bf5+ Kd6 44. g5 fxg5+ 45. Kxg5 Bb5 46. Kf4 d3 47.
Ke3 d4+ 48. Kd2 Ke5 49. Bxd3 Bc6 50. Be2 Kf4 51. Kd3 Bb5+ 52. Kd2 Bd7 53. Kd3 Ke5 54. f4+ Kd5 55. Bf3+ Kc5 56. Bxb7 Bf5+ 57. Kd2 Be6 58. a3 Bf5 59. Bf3 Kc4 60. Bd1 d3 61.
b3+ Kd4 62. b4 axb4 63. axb4 Kc4 64. Bh5 Kxb4 65. Bf7 Kc5 66. Be6 Bxe6 67. Kxd3 Bd7 68. f5 Bxf5+ 1/2-1/2

[Event "Early-Titled-Tuesday-Blitz-June-18-2024"]
[Site "Chess.com"]
[Date "2024.06.18"]
[Round "4"]
[White "Alphafischer2019"]
[Black "DenLaz"]
[Result "0-1"]
[WhiteElo "2636"]
[BlackElo "3088"]
[TimeControl "180+1"]
[EndTime "8:42:31 PDT"]
[Termination "DenLaz won by resignation"]

1. Nf3 f5 2. g3 Nf6 3. Bg2 g6 4. b3 Bg7 5. Bb2 O-O 6. O-O d6 7. c4 e5 8. d3 Nc6 9. Nc3 h6 10. a3 a5 11. Nd2 g5 12. e3 Qe8 13. Rc1 Nd8 14. b4 axb4 15. axb4 Ne6 16. Nd5 Qf7 17.
Qc2 Nd7 18. b5 Ndc5 19. Rce1 Ra2 20. Qb1 Rxb2 21. Qxb2 Nxd3 22. Qc2 Nxe1 23. Rxe1 h5 24. Nb3 e4 25. Bf1 h4 26. c5 hxg3 27. hxg3 Be5 28.
Bc4 Kg7 29. Kg2 Rh8 30. Rh1 Rxh1 31. Kxh1 Nxc5 32. Nxc5 dxc5 33. Nf4 Qe8 34. Ne2 b6 35. Nc3 Bd7 36. Kg2 Be6 37. Nd5 Bxd5 38. Bxd5 Qxb5 39. Bc4 Qd7 40. Qe2 g4 41. Qa2 Kf6 42. Qa8 Ke7 43. Qg8 c6 44. Qf7+ Kd6 45. Qg6+ Kc7 46. Be6 Qe7 47.
Qxf5 Kd6 48. Ba2 b5 49. Qg6+ Kc7 50. Qxe4 c4 51. Qxg4 Qd6 52. Qe4 Qd5 53. Kf3 Kd6 54.
g4 Qd1+ 55. Kg2 c3 56. Bb1 b4 57. Bc2 Qd5 58. Kf3 c5 59. g5 c4 60. g6 b3 61. Bb1 c2 62. Bxc2 bxc2 63. Qxd5+ Kxd5 64. g7 Bxg7 65. e4+ Kd4 66. e5 c1=Q 67. e6 Qc2 0-1

[Event "Early-Titled-Tuesday-Blitz-June-18-2024"]
[Site "Chess.com"]
[Date "2024.06.18"]
[Round "4"]
[White "Brown_Bear_MGL"]
[Black "NM_Antelacus"]
[Result "1-0"]
[WhiteElo "2503"]
[BlackElo "2301"]
[TimeControl "180+1"]
[EndTime "8:42:31 PDT"]
[Termination "Brown_Bear_MGL won on time"]

1. b3 e5 2. Bb2 Nc6 3. c4 Nf6 4.
e3 d5 5. cxd5 Nxd5 6. a3 Bd6 7. d3 O-O 8. Nf3 Bg4 9. Nbd2 Re8 10. Qc2 Qd7 11. Be2 Rad8 12. O-O h6 13. b4 a6 14. Nc4 Qe6 15. Rfd1 Bh5 16. Rac1 Bg6 17. Nxd6 cxd6 18. Qa4 Nb6 19. Qc2 Rc8 20. Qd2 Ne7 21.
Rxc8 Rxc8 22. Rc1 Rxc1+ 23. Qxc1 Qc8 24. Qxc8+ Nexc8 25. Kf1 Na4 26. Ba1 f6 27. Ke1 d5 28.
Kd2 Kf7 29. Bd1 Nab6 30. Bb3 Ke7 31. Nh4 Bh7 32. f4 g5 33. Nf3 gxf4 34. exf4 exf4 35. Bd4 Bg8 36. Nh4 Bh7 37. Ke2 Kd6 38. Bxf6 Nd7 39. Bg7 h5 40. Nf3 Ne7 41. Bh6 Ne5 42. Bxf4 Ng6 43. Bg3 h4 44. Bxe5+ Nxe5 45. Nxe5 Kxe5 46. Ke3 d4+ 47. Ke2 b6 48. Bc4 a5 49. bxa5 bxa5 50. Kf3 Bf5 51. Bb5 Be6 52. g4 hxg3 53. hxg3 Kd6 54.
Ke4 Kc5 55. Be8 Bg4 56. Kf4 Be2 57. Bg6 Kb5 58. Be8+ Kc5 59. Bg6 Kb5 60. Ke5 Ka4 61.
Kxd4 Kxa3 62. Bf7 Bg4 63. Kc3 a4 64. Bc4 Bf3 65. d4 1-0

[Event "Early-Titled-Tuesday-Blitz-June-18-2024"]
[Site "Chess.com"]
[Date "2024.06.18"]
[Round "4"]
[White "cthake"]
[Black "ChEsper99"]
[Result "0-1"]
[WhiteElo "1812"]
[BlackElo "2263"]
[TimeControl "180+1"]
[EndTime "8:42:33 PDT"]
[Termination "ChEsper99 won on time"]

1. e4 e6 2. d4 d5 3. Nc3 Nf6 4. exd5 exd5 5. Bd3 Bd6 6. Nf3 Bg4 7. O-O O-O 8. Bg5 Nbd7 9. Re1 c6 10. h3 Bh5 11.
Be2 h6 12. Be3 Re8 13. Qd2 Qc7 14. a3 Re7 15. Rad1 Rae8 16. b4 Bg6 17. Bd3 Ne4 18.
Bxe4 Bxe4 19. Qc1 Bxf3 20. gxf3 Re6 21. Ne2 Rg6+ 22. Kf1 Qd8 23. f4 Qh4 24. Ng1 f5 25. Qd2 Nf6 26. Qe2 Bxf4 27. Qf3 Bxe3 28. Rxe3 Rxe3 29.
Qxe3 Ne4 30. c4 f4 31. Qf3 Ng5 32. Qg4 Qxg4 33. hxg4 dxc4 34. d5 Rd6 35. Rd4 Rxd5 36. Rxf4 b5 37. Nf3 c3 38. Ne1 Rd1 39. Ke2 Ra1 40.
Nc2 Ne6 41. Re4 Ng5 42. Re8+ Kf7 43. Rc8 Ra2 44. Kd3 g6 45. Rc7+ Kf6 46. Rxc6+ Ke5 47. Rc5+ Kf4 48. Rxb5 Kxg4 49. Rc5 h5 50. Rxc3 h4 51.
Ne3+ Kh5 52. f4 Nf3 53. Ke4 Ne1 54. Rc6 h3 55. Nf1 h2 56. Nxh2 Rxh2 57. Ra6 Rb2 58.
Rxa7 Nc2 59. f5 g5 60. f6 Rb3 61. f7 Re3+ 62. Kf5 Rf3+ 63. Ke6 Ne3 64. Ke7 Nd5+ 65. Ke8 Nb6 66. f8=Q Rxf8+ 67. Kxf8 g4 0-1

[Event "Early-Titled-Tuesday-Blitz-June-18-2024"]
[Site "Chess.com"]
[Date "2024.06.18"]
[Round "4"]
[White "KinKaiser"]
[Black "Fore_Man"]
[Result "1-0"]
[WhiteElo "2466"]
[BlackElo "2167"]
[TimeControl "180+1"]
[EndTime "8:42:34 PDT"]
[Termination "KinKaiser won by resignation"]

1. e4 Nc6 2. d4 e5 3. dxe5 Nxe5 4.
f4 Nc6 5. Nf3 d6 6. Nc3 Bg4 7. Be2 Bxf3 8. Bxf3 Nge7 9. O-O g6 10.
Be3 Bg7 11. Re1 O-O 12. Bf2 Re8 13. Qd2 Qd7 14. Rad1 Rad8 15. Nd5 Qc8 16. c4 a6 17. b4 Nb8 18. a4 Nd7 19. b5 axb5 20. axb5 Nxd5 21. cxd5 b6 22. Bd4 Bxd4+ 23. Qxd4 Nc5 24. e5 Qf5 25. e6 Re7 26. g4 Qc2 27. Qf6 Nd3 28.
Rxd3 Qxd3 29. Qxe7 Qd4+ 30. Kg2 Rf8 31. Qxc7 fxe6 32.
dxe6 Qxf4 33. Rf1 Qe5 34. e7 Re8 35. Qc4+ Kg7 36. Qe4 Qf6 37. Re1 Qb2+ 38. Re2 Qf6 39. Qe6 Qd4 40. h4 h6 41. g5 hxg5 42. hxg5 Qf4 43.
Qg4 Qf7 44. Re6 Rxe7 45. Rxe7 Qxe7 46. Qe4 Qxg5+ 47. Bg4 Qd2+ 48. Be2 Qc3 49. Qe7+ Kh6 50. Qxd6 Qe3 51. Qh2+ Kg7 52. Qc7+ Kh6 53. Qc2 Qg5+ 54. Kf2 Qf4+ 55. Ke1 Qg3+ 56. Kd1 Qg1+ 57. Kd2 Qd4+ 58. Qd3 Qb4+ 59. Ke3 Qc5+ 60. Qd4 Qc1+ 61. Qd2 Qg1+ 62. Kf3+ g5 63. Qd6+ Kh5 64. Ke4+ Kh4 65. Qh6+ Kg3 66.
Qxg5+ Kf2 67. Qxg1+ Kxg1 68. Kd5 Kf2 69. Kc6 1-0

[Event "Early-Titled-Tuesday-Blitz-June-18-2024"]
[Site "Chess.com"]
[Date "2024.06.18"]
[Round "4"]
[White "Journey_to_GrandMaster_YT"]
[Black "David_ATM"]
[Result "1-0"]
[WhiteElo "2640"]
[BlackElo "2418"]
[TimeControl "180+1"]
[EndTime "8:42:35 PDT"]
[Termination "Journey_to_GrandMaster_YT won on time"]

1. Nf3 d5 2. c4 c6 3. b3 Nf6 4. Bb2 Bf5 5. e3 e6 6. Nc3 Nbd7 7. d4 Be7 8. Bd3 Bxd3 9. Qxd3 O-O 10. O-O Rc8 11.
Rad1 Qa5 12. a3 Rfe8 13. Rfe1 h6 14. b4 Qc7 15. e4 Nxe4 16. Nxe4 dxe4 17. Rxe4 Nf6 18.
Re2 Nd7 19. Rde1 Bf6 20. Ba1 Red8 21. Qe4 Nf8 22. h3 Ng6 23. g3 a5 24. h4 axb4 25.
axb4 Ra8 26. h5 Nf8 27. Bb2 Nh7 28. Bc1 Ra4 29. Bf4 Qb6 30. b5 Rxc4 31. bxc6 Qxc6 32. Qxc6 bxc6 33. Ne5 Bxe5 34. dxe5 Ng5 35. Kg2 Rd3 36.
Ra1 Rd8 37. Ra7 Rc8 38. Rb2 Ne4 39. Rbb7 Rf8 40. Be3 Nc3 41. Bb6 Nb5 42. Ra6 Rc2 43. Bc7 Nxc7 44. Rxc7 Re2 45. Ra5 Rc2 46. Kf3 Rb8 47.
Raa7 Rb3+ 48. Kg2 Rbb2 49. Rxf7 Kh8 50. Rf8+ Kh7 51. Rff7 Kh8 52. Rae7 c5 53. Rxe6 c4 54. Re8+ Kh7 55. Ree7 Kh8 56. Rc7 c3 57. Kh3 Rxf2 58.
Rxf2 Rxf2 59. Rxc3 Re2 60. Rc8+ Kh7 61. Re8 Re4 62. Kg2 g6 63. Re7+ Kg8 64. hxg6 Kf8 65. Rf7+ Ke8 66. Rf5 Rg4 67. Rf6 Rg5 68. Re6+ 1-0

[Event "Early-Titled-Tuesday-Blitz-June-18-2024"]
[Site "Chess.com"]
[Date "2024.06.18"]
[Round "4"]
[White "Rurep26"]
[Black "LeninGuerra"]
[Result "1-0"]
[WhiteElo "2736"]
[BlackElo "2543"]
[TimeControl "180+1"]
[EndTime "8:42:36 PDT"]
[Termination "Rurep26 won by checkmate"]

1. d4 Nf6 2. c4 c5 3. d5 b5 4.
cxb5 a6 5. b6 Qxb6 6. Nc3 d6 7.
Nf3 g6 8. g3 Bg7 9. Bg2 O-O 10.
O-O Nbd7 11. Nd2 Bb7 12. e4 Rfb8 13. Nc4 Qc7 14. Re1 Nb6 15. Na5 Nbxd5 16. exd5 Qxa5 17. Rxe7 Bf8 18. Re1 Re8 19. Bg5 Bg7 20. Qb3 Qb4 21. Bf4 Rad8 22. Qc2 Rxe1+ 23. Rxe1 Bxd5 24. Bxd5 Nxd5 25. a3 Qc4 26. Re4 Bd4 27. Bd2 f5 28. b3 Nxc3 29. bxc4 Nxe4 30. Be3 Be5 31. Qa4 g5 32. Qxa6 f4 33. Bc1 Bd4 34. gxf4 gxf4 35. Bxf4 Nxf2 36. Kg2 Nd3 37. Bg3 Ne5 38. a4 Kf7 39. a5 Ke6 40. Qb5 h5 41. a6 Rh8 42. a7 h4 43. Bxh4 Rxh4 44. Qe8+ Kf5 45. Qc8+ Ke4 46. a8=Q+ Kd3 47.
Qa3+ Bc3 48. Qf5+ Kxc4 49. Qc2 Rg4+ 50. Kh3 Rd4 51. Qcxc3+ Kd5 52. Qa8+ Ke6 53. Qxd4 cxd4 54. Qe4 d3 55. Qe3 Kf5 56. Kg3 d5 57. Qf4+ Ke6 58. h4 Nc4 59. Kf2 d2 60. Ke2 Nd6 61. Qxd2 Ne4 62.
Qh6+ Ke5 63. h5 Ng3+ 64. Kf3 Nf5 65. Qf4+ Kf6 66. Kg4 d4 67. Qxf5+ Kg7 68. Qe5+ Kh6 69. Qh8# 1-0

[Event "Early-Titled-Tuesday-Blitz-June-18-2024"]
[Site "Chess.com"]
[Date "2024.06.18"]
[Round "4"]
[White "cthulhuuu"]
[Black "Blitzking642"]
[Result "1-0"]
[WhiteElo "2359"]
[BlackElo "2514"]
[TimeControl "180+1"]
[EndTime "8:42:36 PDT"]
[Termination "cthulhuuu won on time"]

1. e4 Nc6 2. Nf3 Nf6 3. d3 d5 4. exd5 Nxd5 5. g3 e5 6. Bg2 Bc5 7. O-O O-O 8. Nc3 Nxc3 9. bxc3 Re8 10. Re1 Bf5 11. Nxe5 Nxe5 12. d4 Bb6 13. dxe5 Qxd1 14.
Rxd1 c6 15. Bf4 Rad8 16. a4 Bxc2 17. Rxd8 Bxd8 18. a5 g5 19. Be3 Rxe5 20. a6 bxa6 21. Rxa6 Bb6 22. Bxc6 Bxe3 23. fxe3 Rxe3 24. c4 Re7 25. Bd5 Be4 26. Bxe4 Rxe4 27. c5 Rc4 28. c6 Rc2 29. h4 g4 30. Kf1 Kf8 31. Ke1 Rc3 32. Kd2 Rc5 33. Kd3 h5 34. Kd4 Rc1 35.
Kd5 Rd1+ 36. Ke5 Rc1 37. Kd6 Rd1+ 38. Kc7 Ke7 39. Ra5 Rd3 40. Re5+ Kf6 41. Rxh5 Rxg3 42. Kd6 Rd3+ 43. Rd5 Rxd5+ 44. Kxd5 g3 45. c7 g2 46. c8=Q g1=Q 47. Qh8+ Ke7 48. Qe5+ Kf8 49. Qh8+ Qg8 50. Qh6+ Qg7 51. Qd6+ Kg8 52. Qb8+ Kh7 53. Qxa7 Qf6 54. h5 Qg5+ 55. Kd6 Qxh5 56. Ke7 f5 57. Kf6+ 1-0

[Event "Early-Titled-Tuesday-Blitz-June-18-2024"]
[Site "Chess.com"]
[Date "2024.06.18"]
[Round "4"]
[White "santosalberto1987"]
[Black "GambitGiesbergen"]
[Result "1/2-1/2"]
[WhiteElo "2592"]
[BlackElo "2378"]
[TimeControl "180+1"]
[EndTime "8:42:38 PDT"]
[Termination "Game drawn by stalemate"]

1. e4 c5 2. Nf3 d6 3. Bb5+ Nd7 4. d4 cxd4 5. Qxd4 a6 6. Bxd7+ Bxd7 7. O-O Nf6 8. Bg5 e6 9. Nc3 Be7 10. e5 dxe5 11. Nxe5 O-O 12. Rad1 Be8 13. Qxd8 Rxd8 14.
Rxd8 Bxd8 15. Ng4 Bc6 16. Nxf6+ gxf6 17. Bh6 Re8 18. Rd1 Bc7 19. Rd4 f5 20. Bg5 Be5 21. Rd3 f6 22. Be3 Kf7 23. f4 Bc7 24. b3 Rg8 25. g3 h5 26. Kf2 h4 27. Ne2 hxg3+ 28.
hxg3 Rh8 29. Ke1 Rh1+ 30. Kd2 Ke8 31. Bc5 Rh2 32. Re3 Kf7 33. Kc1 e5 34. a4 Rg2 35.
Kb2 Bd5 36. b4 Bc6 37. Kb3 Rf2 38. c4 Rf3 39. b5 axb5 40. axb5 Rxe3+ 41. Bxe3 Bf3 42.
Nc3 Ke6 43. Kb4 Be4 44. c5 Bf3 45. b6 Bb8 46. Nb5 Kd7 47. Na3 Bc6 48. Nc4 Bd5 49. Na5 Bc6 50. Kc4 Be4 51. Bd2 Bc6 52. Bc3 exf4 53.
gxf4 Bxf4 54. Bxf6 Bb8 55. Bd4 f4 56. Kd3 f3 57. Ke3 Bg3 58. Nxc6 Kxc6 59. Kxf3 Be1 60. Ke4 Bb4 61. Kd3 Bxc5 62. Be5 Bxb6 63. Kc4 Bc7 64.
Bxc7 Kxc7 65. Kc5 b6+ 66. Kb5 Kb7 67. Kb4 Kc6 68. Kc4 b5+ 69. Kb4 Kb6 70. Kb3 Kc5 71.
Kc3 b4+ 72. Kb3 Kb5 73. Kb2 Kc4 74. Kc2 b3+ 75. Kb2 Kb4 76. Kb1 Kc3 77. Kc1 Kc4 78.
Kb2 Kb4 79. Kb1 Ka3 80. Ka1 b2+ 81. Kb1 Kb3 1/2-1/2

[Event "Early-Titled-Tuesday-Blitz-June-18-2024"]
[Site "Chess.com"]
[Date "2024.06.18"]
[Round "4"]
[White "Nf3c5"]
[Black "Acva-Alenok"]
[Result "0-1"]
[WhiteElo "2594"]
[BlackElo "2411"]
[TimeControl "180+1"]
[EndTime "8:42:39 PDT"]
[Termination "Acva-Alenok won by checkmate"]

1. Nf3 Nf6 2. g3 d5 3. Bg2 c6 4.
c4 Bf5 5. cxd5 cxd5 6. Qb3 Qb6 7. d3 Nc6 8. Nc3 Bd7 9. Qxb6 axb6 10. Be3 e5 11. Nb5 Bb4+ 12. Bd2 O-O 13. O-O e4 14. dxe4 dxe4 15. Bxb4 exf3 16. Bxf8 fxg2 17. Kxg2 Kxf8 18. Rfd1 Bf5 19. Nd6 Be6 20. a3 Na5 21. Rac1 Rd8 22. e4 Nb3 23. Rc3 Nxe4 24. Rcd3 Nbc5 25. Rd4 Nxd6 26.
Rxd6 Rxd6 27. Rxd6 Nd7 28. b4 Ke7 29. Rd2 Ne5 30.
f3 Nc4 31. Rd3 b5 32. Kf2 Bf5 33. Rc3 Kd6 34. a4 Kd5 35. axb5 Bd7 36. Rd3+ Ke6 37. Rd4 Bxb5 38. Re4+ Kd6 39. Rh4 h6 40. Rg4 g5 41.
h4 f6 42. Rd4+ Kc6 43. Rd8 gxh4 44. gxh4 Ne5 45. Rh8 Nd3+ 46. Kg3 Nxb4 47. Rxh6 Nd5 48. Rxf6+ Nxf6 49. Kf4 Kd6 50. Kf5 Ke7 51. Kg6 Bd3+ 52.
Kg5 b5 53. Kf4 b4 54. Ke3 Bh7 55. Kd2 b3 56. Kc1 Bc2 57. Kb2 Kf7 58. f4 Kg6 59.
h5+ Kxh5 60. f5 Kg5 61. Kc1 Kxf5 62. Kb2 Ke4 63. Ka1 Kd4 64. Kb2 Kc4 65. Ka1 Bh7 66.
Kb2 Bg8 67. Ka1 Kb4 68. Kb2 Nd5 69. Ka1 Nb6 70. Kb2 Na4+ 71. Ka1 b2+ 72. Kb1 Bh7+ 73. Ka2 b1=Q# 0-1